 Dungeon Crawl Stone Soup version 0.28.0-47-ge53b351184 (webtiles) character file.

Game seed: 8274587337113364341

77 Icepheonix32 the Chiller (level 4, -6/30 HPs)
             Began as a Demonspawn Ice Elementalist on Apr 29, 2022.
             Mangled by a goblin
             ... wielding a +2 dagger of electrocution
              (19 damage)
             ... on level 2 of the Dungeon.
             The game lasted 00:02:48 (1838 turns).

Icepheonix32 the Chiller (DsIE)                     Turns: 1838, Time: 00:02:49

Health: -6/30      AC:  2    Str: 10    XL:     4   Next: 13%
Magic:  7/7        EV: 12    Int: 17    God:
Gold:   22         SH:  0    Dex: 13    Spells: 3/7 levels left

rFire   . . .      SeeInvis .   d - +1 war axe (elec)
rCold   . . .      Faith    .   (no shield)
rNeg    . . .      Spirit   .   a - +0 robe
rPois   .          Reflect  .   (helmet restricted)
rElec   .          Harm     .   (no cloak)
rCorr   .          Rampage  .   (no gloves)
Will    .....                   (no boots)
Stlth   ++........              (no amulet)
HPRegen 0.10/turn               (no ring)
MPRegen 0.10/turn               (no ring)

@: no status effects
A: antennae 1, spiny 1
a: no special abilities


You were on level 2 of the Dungeon.
You visited 1 branch of the dungeon, and saw 2 of its levels.

You collected 22 gold pieces.

Inventory:

Hand Weapons
 b - a +1 dagger of speed
 d - a +1 war axe of electrocution (weapon)
Armour
 a - a +0 robe (worn)
Scrolls
 c - a scroll of teleportation {unknown}
Potions
 g - a potion of curing {unknown}


   Skills:
 + Level 0.9 Axes
 - Level 1.7 Dodging
 - Level 1.7 Stealth
 - Level 2.0 Spellcasting
 + Level 5.0 Ice Magic


You had 3 spell levels left.
You knew the following spells:

 Your Spells              Type           Power      Damage    Failure   Level
a - Freeze                Ice            72%        1d9       2%          1
b - Frozen Ramparts       Ice            36%        1d5       8%          3

Your spell library contained the following spells:

 Spells                   Type           Power      Damage    Failure   Level
 Ozocubu's Armour         Ice            18%        N/A       8%          3
 Hailstorm                Conj/Ice       10%        3d5       56%         4


Dungeon Overview and Level Annotations

Branches:
Dungeon (2/15)

Altars:


Innate Abilities, Weirdness & Mutations

You have a pair of small antennae on your head.
You are partially covered in sharp spines.


Message History

The kobold shouts!
The kobold throws a stone.
The stone closely misses you.
An endoplasm comes into view.
A hobgoblin comes into view.
Found 17 gold pieces and 23 arrows.
There is a stone staircase leading up here.
Unknown command.
Casting: Freeze (safe; 2% risk of failure)
Confirm with . or Enter, or press ? or * to list all spells.
The spell is quite dangerous to miscast (8% risk of failure)!
Continue anyway?
Okay, then.
A rat comes into view.
You hit the hobgoblin. Your punch misses the hobgoblin.
The hobgoblin is severely wounded.
The hobgoblin closely misses you.
You hit the hobgoblin.
Lightning courses through the hobgoblin!
You kill the hobgoblin!
The endoplasm jiggles.
The endoplasm hits you but does no damage.
You hit the endoplasm.
The endoplasm is lightly wounded.
The endoplasm freezes you.
You are frozen.
You slash the endoplasm!
You kill the endoplasm!
The rat bites you.
You slash the rat!
You kill the rat!
You hit the kobold.
The kobold is moderately wounded.
The kobold is struck by your spines.
You kill the kobold!
The goblin hits you with a +2 dagger of electrocution.
You closely miss the goblin.
The goblin hits you with a +2 dagger of electrocution.
You closely miss the goblin. The goblin is struck by your spines.
The goblin hits you with a +2 dagger of electrocution. x2
You are electrocuted!!
Ouch! That really hurt!
You die...

##### #...#
#.#.# #.#.#
#<@.# #g###
#.. ....
....Jg
........
........$.
.....(.....#


You could see a goblin.

Vanquished Creatures
  3 gnolls
  An adder (D:2)
  2 dart slugs
  An orc (D:2)
  3 ball pythons
  2 endoplasms
  2 giant cockroaches (D:1)
  4 goblins (D:1)
  A hobgoblin (D:2)
  3 quokkas
  5 bats (D:1)
  4 kobolds
  3 rats
34 creatures vanquished.

Notes
Turn   | Place    | Note
-------+----------+-------------------------------------------
     0 | D:1      | Icepheonix32 the Demonspawn Ice Elementalist began the
                  | quest for the Orb.
     0 | D:1      | Reached XP level 1. HP: 13/13 MP: 3/3
   554 | D:1      | Reached skill level 4 in Ice Magic
   555 | D:1      | Gained mutation: You are partially covered in sharp spines.
                  | [demonic ancestry]
   555 | D:1      | Reached XP level 2. HP: 17/19 MP: 0/5
  1392 | D:2      | Reached XP level 3. HP: 24/24 MP: 4/6
  1628 | D:1      | Learned a level 3 spell: Frozen Ramparts
  1674 | D:1      | Reached skill level 5 in Ice Magic
  1674 | D:1      | Gained mutation: You have a pair of small antennae on your
                  | head. [demonic ancestry]
  1674 | D:1      | Reached XP level 4. HP: 20/30 MP: 7/7
  1838 | D:2      | Mangled by a goblin

Illustrated notes

Levels and vault maps discovered:
D:1:      mainiacjoe_arrival_reflecting_pool, layout_basic
D:2:      cheibrodos_pilgrimage, layout_basic, uniq_natasha, uniq_terence

Skill      XL: |  1  2  3 |
---------------+----------+-----
Ice Magic      | 4 5 |  5.0
Axes           | |  0.9
Dodging        | |  1.7
Stealth        | |  1.7
Spellcasting   | |  2.0

Action                   |  1- 3 |  4- 6 || total
-------------------------+-------+-------++-------
Melee: Dagger            |    11 |       ||    11
       Unarmed           |     4 |       ||     4
       War axe           |    26 |     8 ||    34
 Cast: Freeze            |    20 |       ||    20
  Use: Scroll            |     2 |       ||     2
       Potion            |     1 |       ||     1
 Stab: Sleeping          |     1 |       ||     1
Armor: Robe              |    20 |     1 ||    21
Dodge: Dodged            |    48 |     2 ||    50
